 Dungeon Sprint DCSS version 0.23.2-1-ga50397a (webtiles) character file.

Game seed: 10970014832449068669

18601 wilfster70 the Warrior (level 12, -5/122 HPs)
             Began as a Minotaur Monk on May 30, 2019.
             Was the Champion of Cheibriados.
             Slain by Saint Roka
             ... wielding a +0 great mace of crushing
              (14 damage)
             ... while paralysed by Rupert
             ... in the Dungeon (Sprint V: "Ziggurat Sprint").
             The game lasted 00:08:24 (1451 turns).

wilfster70 the Warrior (Minotaur Monk)              Turns: 1451, Time: 00:08:25

Health: -5/122     AC: 27    Str: 31    XL:     12   Next: 29%
Magic:  5/19       EV:  2    Int: 36    God:    Cheibriados [******]
Gold:   0          SH:  0    Dex: 29    Spells: 11/11 levels left

rFire    + + +     SeeInvis .   a - +13 lance "Wyrmbane" {slay drac, rPois rF+ rC+ AC+3}
rCold    + + .     Gourm    .   b - +18 shield of the Gong {rElec rN+ MR+ EV-5}
rNeg     + + .     Faith    .   p - +5 gold dragon scales
rPois    +         Spirit   .   (helmet restricted)
rElec    +         Reflect  .   (no cloak)
rCorr    .         Harm     .   (no gloves)
MR       +....     NoTele   +   (no boots)
Stlth    ..........             (no amulet)
HPRegen  0.30/turn              y - ring "Rugij" {+Fly rN+ EV+3 Int+3}
MPRegen  0.16/turn              E - ring of Wonder {rF+ Int+7 Slay+3}

@: paralysed, very slow
A: retaliatory headbutt, horns 2
a: Bend Time, Temporal Distortion, Slouch, Step From Time, Renounce Religion,
Evoke Flight


You were in the Dungeon.
You worshipped Cheibriados.
Cheibriados was exalted by your worship.
You were hungry.

You visited 1 branch

Inventory:

Hand Weapons
 a - the +13 lance "Wyrmbane" (weapon) {slay drac, rPois rF+ rC+ AC+3}
   (You found it in the Dungeon)

   It affects your AC (+3).
   It protects you from fire.
   It protects you from cold.
   It protects you from poison.
Armour
 b - the +18 shield of the Gong (worn) {rElec rN+ MR+ EV-5}
   (You found it in the Dungeon)

   It affects your evasion (-5).
   It insulates you from electricity.
   It protects you from negative energy.
   It affects your resistance to hostile enchantments.
 p - +5 gold dragon scales (worn)
Jewellery
 y - a ring "Rugij" (left hand) {+Fly rN+ EV+3 Int+3}
   (You found it in the Dungeon)

   [ring of evasion]

   It affects your evasion (+3).
   It affects your intelligence (+3).
   It protects you from negative energy.
   It lets you fly.
 B - the ring "Ruhur" {rElec rN+ Dex+3}
   (You found it in the Dungeon)

   [ring of dexterity]

   It affects your dexterity (+3).
   It insulates you from electricity.
   It protects you from negative energy.
 E - the ring of Wonder (right hand) {rF+ Int+7 Slay+3}
   (You found it in the Dungeon)

   [ring of protection from fire]

   It affects your intelligence (+7).
   It affects your accuracy and damage with ranged weapons and melee attacks
   (+3).
   It protects you from fire.
Wands
 v - a wand of disintegration (7)
 w - a wand of iceblast (7)
 x - a wand of acid (7)
Scrolls
 f - 4 scrolls of amnesia
 h - 8 scrolls of fog
 i - 4 scrolls of blinking
 j - a scroll of holy word
 k - 5 scrolls of identify
 l - 5 scrolls of remove curse
 m - 2 scrolls of fear
Potions
 d - 10 potions of curing
 e - 10 potions of heal wounds
 g - 7 potions of magic
 n - 2 potions of brilliance
 o - 2 potions of invisibility
 q - 4 potions of resistance
 r - a potion of experience
 s - 5 potions of agility
 t - 5 potions of might
Miscellaneous
 u - a lamp of fire
 A - a sack of spiders
 C - a phantom mirror
 D - a phial of floods
Comestibles
 c - 8 rations


   Skills:
 + Level 15.7 Fighting
   Level 3.6(8.5) Axes
 - Level 11.8(12.0) Polearms
 + Level 14.3 Armour
 + Level 14.6 Dodging
 - Level 4.9 Stealth
 - Level 15.0 Shields
 - Level 9.2 Invocations
 + Level 11.4 Evocations


You had 11 spell levels left.
You didn't know any spells.
Your spell library contained the following spells:

 Spells                   Type           Power        Failure   Level  Hunger
 Beastly Appendage        Tmut           #.....       69%         1    ##.....
 Infusion                 Chrm           #...         69%         1    ##.....
 Summon Butterflies       Summ           #.......     69%         1    ##.....
 Blink                    Tloc           N/A          83%         2    ###....
 Ensorcelled Hibernation  Hex/Ice        #.....       83%         2    ###....
 Poisonous Vapours        Pois/Air       #.....       83%         2    ###....
 Shroud of Golubria       Chrm/Tloc      #.........   83%         2    ###....
 Sticks to Snakes         Tmut           #.......     83%         2    ###....
 Sublimation of Blood     Necr           #.........   83%         2    ###....
 Throw Frost              Conj/Ice       #.....       83%         2    ###....
 Conjure Flame            Conj/Fire      #.......     96%         3    ####...
 Dazzling Spray           Conj/Hex       #.....       96%         3    ####...
 Gell's Gravitas          Tloc           #.........   96%         3    ####...
 Ignite Poison            Fire/Tmut/Pois #.......     96%         3    ####...
 Lesser Beckoning         Tloc           #.........   96%         3    ####...
 Mephitic Cloud           Conj/Pois/Air  #.......     96%         3    ####...
 Portal Projectile        Hex/Tloc       #.....       96%         3    ####...
 Recall                   Summ/Tloc      N/A          96%         3    ####...
 Spider Form              Tmut/Pois      #.........   96%         3    ####...
 Stone Arrow              Conj/Erth      #.....       96%         3    ####...
 Teleport Other           Tloc           #.......     96%         3    ####...
 Animate Dead             Necr           N/A          100%        4    #####..
 Cause Fear               Hex            #.........   100%        4    #####..
 Force Lance              Conj/Tloc      #.......     100%        4    #####..
 Ice Form                 Ice/Tmut       #.......     100%        4    #####..
 Passage of Golubria      Tloc           N/A          100%        4    #####..
 Petrify                  Tmut/Erth      #.......     100%        4    #####..
 Summon Ice Beast         Ice/Summ       #.......     100%        4    #####..
 Throw Icicle             Conj/Ice       #.......     100%        4    #####..
 Alistair's Intoxication  Tmut/Pois      #.......     100%        5    ######.
 Borgnjor's Vile Clutch   Necr/Erth      #.........   100%        5    ######.
 Irradiate                Conj/Tmut      #.........   100%        5    ######.
 Silence                  Hex/Air        #.........   100%        5    ######.
 Conjure Ball Lightning   Conj/Air       #.........   100%        6    #######
 Darkness                 Hex            #.........   100%        6    #######
 Death Channel            Necr           #.........   100%        6    #######
 Dispersal                Tloc           #.........   100%        6    #######
 Freezing Cloud           Conj/Ice/Air   #.........   100%        6    #######
 Hydra Form               Tmut           #.........   100%        6    #######
 Iron Shot                Conj/Erth      #.........   100%        6    #######
 Ozocubu's Refrigeration  Ice            #.........   100%        6    #######
 Shadow Creatures         Summ           N/A          100%        6    #######
 Simulacrum               Ice/Necr       #.........   100%        6    #######
 Dragon Form              Tmut           #.........   100%        7    #######
 Malign Gateway           Summ/Tloc      #.........   100%        7    #######
 Monstrous Menagerie      Summ           #.........   100%        7    #######
 Ring of Flames           Chrm/Fire      #.........   100%        7    #######
 Summon Greater Demon     Summ           #.........   100%        7    #######
 Summon Hydra             Summ           #.........   100%        7    #######
 Controlled Blink         Tloc           N/A          100%        8    #######
 Disjunction              Tloc           #.........   100%        8    #######
 Summon Horrible Things   Summ           #.........   100%        8    #######


Dungeon Overview and Level Annotations

Branches:
Dungeon (1/1)

Altars:
Ashenzari
Cheibriados
Dithmenos
Elyvilon
Fedhas
Gozag
Hepliaklqana
Kikubaaqudgha
Makhleb
Nemelex Xobeh
Okawaru
Qazlal
Ru
Sif Muna
Trog
Uskayaw
Vehumet
Wu Jian
Xom
Yredelemnul
Zin
The Shining One
Beogh
Jiyva
Lugonu

Annotations:
D 1 transporter, Josephine, Nergalle, Polyphemus, Rupert, Saint Roka


Innate Abilities, Weirdness & Mutations

You reflexively headbutt those who attack you in melee.
You have a pair of horns on your head.


Message History

Josephine draws life force from you and is healed!
Polyphemus hits you!!
* * * LOW HITPOINT WARNING * * *
Polyphemus barely misses you.
The spectral orc knight hits you but does no damage.
Nergalle hits you but does no damage.
Rupert hits you with a +2 battleaxe of electrocution!
* * * LOW HITPOINT WARNING * * *
Josephine is infused with unholy energy.
* * * LOW HITPOINT WARNING * * *
Josephine draws life force from you and is healed!
Polyphemus hits you.
* * * LOW HITPOINT WARNING * * *
Polyphemus hits you!
* * * LOW HITPOINT WARNING * * *
The spectral orc knight hits you but does no damage.
Saint Roka unwields a +0 arbalest.
Saint Roka wields a +0 great mace of crushing.
Saint Roka hits you with a +0 great mace of crushing!
You die...

▓.▓.....▓.▓
▓....8©8....▓....©....▓
▓..):.?)))..▓▓▓▓▓▓▓▓▓▓▓
▓...)[)})...▓...8©8...▓
▓...........▓..[[)|...▓
▓...........▓...[[)...▓
▓.....o.....▓.........▓
▓....@@o....▓...[)....▓
▓....C@.....▓....))...▓
▓.....(Z....▓.........▓
▓.....(.....▓.▓.....▓.▓
▓.....©.....▓....©....▓
▓▓▓▓▓▓▓▓▓▓▓▓▓▓▓▓▓▓▓▓▓▓▓
▓.≈.8©8...▓...8©8...▓..
▓..|≈})≈≈≈▓..)=.)=..▓..
▓..)≈≈≈"..▓...))|)..▓..
▓.≈≈.≈..≈≈▓..:......▓..


You could see Saint Roka, Polyphemus, Rupert (berserk), Josephine, Nergalle and
a spectral orc knight.

Vanquished Creatures
  A black draconian (D)
  A green draconian (D)
  A purple draconian (D)
  A yellow draconian (D)
  A red draconian (D)
  2 merfolk javelineers (D)
  A merfolk impaler (D)
  A naga warrior (D)
  A merfolk aquamancer (D)
  An alligator snapping turtle (D)
  An anaconda (D)
  A deep elf knight (D)
  A sea snake (D)
  A large abomination (D)
  2 harpies (D)
  A deep elf archer (D)
  A deep elf mage (D)
  2 draconians (D)
  An orange demon (D)
  2 black mambas (D)
  3 naga magi (D)
  A merfolk siren (D)
  A guardian serpent (D)
  2 efreet (D)
  A merfolk (D)
  Sigmund (D)
  A tarantella (D)
  A water elemental (D)
  3 fire elementals (D)
  2 nagas (D)
  A hell hound (D)
  3 water moccasins (D)
  2 phantoms (D)
  3 necrophages (D)
  A scorpion (D)
  2 wights (D)
  3 quasits (D)
  2 iron imps (D)
  3 jellies (D)
  Jessica (D)
  2 adders (D)
  2 white imps (D)
  An ufetubus (D)
  An adder skeleton (D)
  3 adder zombies (D)
  A bat zombie (D)
  3 ball pythons (D)
  A ball python skeleton (D)
  A quokka zombie (D)
  A fire vortex (D)
77 creatures vanquished.

Notes
Turn   | Place    | Note
-------+----------+-------------------------------------------
     0 | D        | Found the +6 Majin-Bo {vamp, Archmagi MP+6 Int+6}
     0 | D        | Found the +7 great mace "Firestarter" {inner flame, rF++}
     0 | D        | wilfster70 the Minotaur Monk began the quest for the Orb.
     0 | D        | Reached XP level 1. HP: 19/19 MP: 0/0
    10 | D        | Found a blossoming altar of Fedhas.
    11 | D        | Found a viscous altar of Jiyva.
    11 | D        | Found a transporter.
    11 | D        | Found a hazy altar of Hepliaklqana.
    11 | D        | Found an ancient bone altar of Kikubaaqudgha.
    11 | D        | Found an opulent altar of Gozag.
    11 | D        | Found a corrupted altar of Lugonu.
    13 | D        | Found a burning altar of Makhleb.
    14 | D        | Found a stormy altar of Qazlal.
    14 | D        | Found an iron altar of Okawaru.
    14 | D        | Found a sacrificial altar of Ru.
    14 | D        | Found a sparkling altar of Nemelex Xobeh.
    14 | D        | Found a deep blue altar of Sif Muna.
    14 | D        | Found a bloodstained altar of Trog.
    18 | D        | Found the +9 heavy crossbow "Sniper" {velocity, Acc+∞ SInv}
    18 | D        | Found the +10 dark maul {crush}
    18 | D        | Found the +15 Maxwell's patent armour {-Cast -Tele rElec
                  | MR+ rCorr}
    18 | D        | Found the +18 shield of the Gong {rElec rN+ MR+ EV-5}
    18 | D        | Found the cursed +14 obsidian axe {chop, +Fly SInv *Curse}
    19 | D        | Found the +6 shillelagh "Devastator" {shatter}
    19 | D        | Found the +11 plutonium sword {*Contam Stlth-}
    19 | D        | Found the +8 lance "Wyrmbane" {slay drac, rPois rF+ rC+
                  | AC+3}
    19 | D        | Found the +9 sword of Zonguldrok {reap}
    19 | D        | Found the cursed +13 scythe of Curses {drain, *Curse}
    19 | D        | Found the +0 sword of Power
    19 | D        | Found the +7 mace of Variability {chain chaos}
    19 | D        | Found the +7 Singing Sword {slice, sonic wave}
    19 | D        | Found the +7 longbow "Piercer" {penet, EV-2}
    70 | D        | Became a worshipper of Cheibriados the Contemplative
    70 | D        | Reached * piety under Cheibriados
    70 | D        | Reached ** piety under Cheibriados
    98 | D        | Entered arena 2.
    98 | D        | Noticed a scorpion
    98 | D        | Noticed a tarantella
    98 | D        | Found a transporter.
   100 | D        | Killed a tarantella
   100 | D        | Reached skill level 5 in Polearms
   100 | D        | Reached skill level 5 in Shields
   100 | D        | Reached XP level 2. HP: 31/31 MP: 1/1
   100 | D        | Reached XP level 3. HP: 38/38 MP: 2/2
   100 | D        | Reached XP level 4. HP: 45/45 MP: 3/3
   100 | D        | Reached XP level 5. HP: 51/51 MP: 4/4
   116 | D        | Entered arena 3.
   116 | D        | Found a transporter.
   119 | D        | Reached *** piety under Cheibriados
   119 | D        | Reached skill level 1 in Armour
   121 | D        | Reached skill level 1 in Invocations
   121 | D        | Reached skill level 1 in Evocations
   122 | D        | Reached **** piety under Cheibriados
   122 | D        | Reached XP level 6. HP: 55/60 MP: 4/6
   140 | D        | Entered arena 4.
   140 | D        | Noticed a deep elf mage
   140 | D        | Noticed a fire elemental
   140 | D        | Noticed a deep elf archer
   140 | D        | Noticed a deep elf knight
   140 | D        | Found a transporter.
   144 | D        | Killed a fire elemental
   145 | D        | Noticed a hellwing
   149 | D        | Killed a deep elf mage
   149 | D        | Reached skill level 5 in Armour
   149 | D        | Reached XP level 7. HP: 56/70 MP: 6/9
   158 | D        | Killed a deep elf archer
   158 | D        | Reached ***** piety under Cheibriados
   158 | D        | Reached skill level 5 in Invocations
   158 | D        | Reached XP level 8. HP: 35/79 MP: 7/11
   170 | D        | Killed a deep elf knight
   170 | D        | Reached skill level 10 in Fighting
   170 | D        | Reached skill level 5 in Evocations
   486 | D        | Entered arena 5.
   486 | D        | Noticed a large abomination
   486 | D        | Found a transporter.
   487 | D        | Found the +7 captain's cutlass {speed, disarm}
   496 | D        | Killed a large abomination
   496 | D        | Reached skill level 10 in Polearms
   496 | D        | Reached skill level 10 in Shields
   496 | D        | Reached XP level 9. HP: 55/86 MP: 12/12
   627 | D        | Entered arena 6.
   627 | D        | Found a transporter.
   631 | D        | Reached skill level 10 in Dodging
   633 | D        | Reached ****** piety under Cheibriados
   655 | D        | Entered arena 7.
   655 | D        | Noticed an orange demon
   657 | D        | Found a transporter.
   664 | D        | Killed an orange demon
   669 | D        | Got the Incunabulum of Transformation
   671 | D        | Got Sif Muna's Catalogue of Supportive Enhancements
   673 | D        | Got the Catalogue of Congealing Moulding
   689 | D        | Entered arena 8.
   689 | D        | Noticed an efreet
   689 | D        | Noticed an efreet
   691 | D        | Killed an efreet
   691 | D        | Killed an efreet
   691 | D        | Reached XP level 10. HP: 91/97 MP: 8/14
   692 | D        | Found a transporter.
   699 | D        | Got the ring of Wonder {rF+ Int+7 Slay+3}
   761 | D        | Entered arena 9.
   761 | D        | Noticed a yellow draconian
   761 | D        | Noticed a red draconian
   761 | D        | Noticed a draconian
   761 | D        | Noticed a purple draconian
   761 | D        | Noticed a green draconian
   761 | D        | Noticed a draconian
   761 | D        | Noticed a black draconian
   763 | D        | Found a transporter.
   769 | D        | Killed a red draconian
   771 | D        | Killed a draconian
   775 | D        | Killed a purple draconian
   775 | D        | Reached skill level 10 in Armour
   776 | D        | Killed a draconian
   781 | D        | Killed a yellow draconian
   784 | D        | Killed a green draconian
   784 | D        | Reached XP level 11. HP: 57/107 MP: 1/16
   788 | D        | Killed a black draconian
   796 | D        | Got a ring "Rugij" {+Fly rN+ EV+3 Int+3}
  1003 | D        | Entered arena 10.
  1005 | D        | Found a transporter.
  1066 | D        | Entered arena 11.
  1068 | D        | Found a transporter.
  1084 | D        | Got Sif Muna's Collected Works on Ensnaring Stones
  1125 | D        | Entered arena 12.
  1125 | D        | Noticed a naga warrior
  1125 | D        | Noticed an anaconda
  1128 | D        | Killed an anaconda
  1129 | D        | Found a transporter.
  1134 | D        | Killed a naga warrior
  1134 | D        | Reached skill level 10 in Evocations
  1195 | D        | Entered arena 13.
  1195 | D        | Noticed an alligator snapping turtle
  1195 | D        | Noticed a harpy
  1195 | D        | Noticed a merfolk javelineer
  1195 | D        | Noticed a harpy
  1195 | D        | Noticed a merfolk aquamancer
  1196 | D        | Noticed a merfolk javelineer
  1196 | D        | Noticed a merfolk impaler
  1196 | D        | Noticed a sea snake
  1197 | D        | Killed a harpy
  1197 | D        | Killed a harpy
  1197 | D        | Reached skill level 15 in Shields
  1199 | D        | Killed a sea snake
  1200 | D        | Killed a merfolk aquamancer
  1200 | D        | Reached skill level 15 in Fighting
  1205 | D        | Killed a merfolk impaler
  1205 | D        | Reached XP level 12. HP: 112/119 MP: 3/19
  1221 | D        | Killed an alligator snapping turtle
  1222 | D        | Found a transporter.
  1223 | D        | Killed a merfolk javelineer
  1225 | D        | Killed a merfolk javelineer
  1321 | D        | Got the ring "Ruhur" {rElec rN+ Dex+3}
  1325 | D        | Got the Handbook of Freezing Air
  1442 | D        | Entered arena 14.
  1443 | D        | Noticed Polyphemus
  1443 | D        | Noticed Sigmund
  1443 | D        | Noticed Saint Roka
  1443 | D        | Noticed Rupert
  1443 | D        | Noticed Jessica
  1443 | D        | Noticed Nergalle
  1443 | D        | Identified the +5 plate armour of Pragmatism {Str+5}
  1444 | D        | Noticed Josephine
  1445 | D        | Found a transporter.
  1446 | D        | Killed Jessica
  1447 | D        | Killed Sigmund
  1448 | D        | Paralysed by Rupert for 7 turns
  1451 | D        | Slain by Saint Roka

Skill      XL: |  1  2  3  4  5  6  7  8  9 10 11 12 |
---------------+-------------------------------------+-----
Fighting       | 6 7 9 10 11 13 15 | 15.7
Polearms       | 5 6 8 10 11 | 11.8
Dodging        | 6 8 9 10 12 14 | 14.6
Stealth        | 4 |  4.9
Shields        | 5 6 8 10 11 12 15 | 15.0
Armour         | 2 5 6 7 9 11 13 14 | 14.3
Invocations    | 1 4 5 6 7 9 |  9.2
Evocations     | 1 4 6 7 8 10 11 | 11.4
Axes           | |  3.6

Action                   |  1- 3 |  4- 6 |  7- 9 | 10-12 || total
-------------------------+-------+-------+-------+-------++-------
Melee: Lance             |     2 |    16 |    54 |    56 ||   128
       Headbutt          |     1 |     6 |    18 |    23 ||    48
Invok: Slouch            |       |       |     2 |    16 ||    18
  Eat: Chunk             |       |       |       |     1 ||     1
Armor: Gold dragon scale |       |     6 |    22 |    20 ||    48
Dodge: Dodged            |       |       |     7 |    14 ||    21
Block: Shield            |     1 |    19 |    70 |   120 ||   210
